 Dungeon Crawl Stone Soup version 0.20.1-1-g8b1a95d (webtiles) character file.

53 Melbolja the Chucker (level 3, -7/30 HPs)
             Began as a Hill Orc Hunter on Oct 2, 2017.
             Mangled by Sigmund
             ... wielding a +0 scythe
              (8 damage)
             ... on level 2 of the Dungeon.
             The game lasted 00:05:17 (1359 turns).

Melbolja the Chucker (Hill Orc Hunter)              Turns: 1359, Time: 00:05:18

Health: -7/30      AC:  3    Str: 12 (14) XL:     3   Next: 89%
Magic:  3/3        EV: 11    Int:  9 (11) God:
Gold:   81         SH:  0    Dex:  9 (12) Spells: 2/2 levels left

rFire    + . .     SeeInvis .   p - +2 whip (venom)
rCold    + . .     Gourm    .   (no shield)
rNeg     . . .     Faith    .   b - +0 leather armour
rPois    +         Spirit   .   (no helmet)
rElec    +         Reflect  .   (no cloak)
rCorr    +         Harm     .   (no gloves)
MR       .....                  (no boots)
Stlth    +.........             (no amulet)
Regen    0.1/turn               (no ring)
MPRegen  0.1/turn               (no ring)

@: resistant
A: no striking features
a: no special abilities


You were on level 2 of the Dungeon.
You were not hungry.

You visited 1 branch of the dungeon, and saw 2 of its levels.

You collected 81 gold pieces.

Inventory:

Hand Weapons
 a - a +0 short sword
 p - a +2 whip of venom (weapon)
Missiles
 c - 2 javelins (quivered)
 d - a throwing net
 i - 21 stones
 k - 23 arrows
 m - 23 sling bullets
Armour
 b - a +0 leather armour (worn)
Scrolls
 e - a scroll of random uselessness {unknown}
 l - a scroll of amnesia {unknown}
 n - a scroll of remove curse {unknown}
 r - a scroll of immolation {unknown}
Potions
 g - a potion of resistance
 j - a potion of curing {unknown}
Comestibles
 f - 2 bread rations
 o - 4 fruits
 q - a chunk of flesh


   Skills:
 + Level 2.9 Fighting
 - Level 0.8 Short Blades
 + Level 4.4 Throwing
 + Level 0.7 Armour
 + Level 1.6 Dodging
 + Level 0.7 Stealth


You had 2 spell levels left.
You didn't know any spells.

Dungeon Overview and Level Annotations

Branches:
Dungeon (2/15)

Altars:

Annotations:
D:2 Sigmund


Message History

Press: ? - help, Shift-Dir - straight line, f/p - Sigmund
Aim: Sigmund, wielding a scythe and wearing a robe You throw a javelin.
The javelin closely misses Sigmund.
Sigmund drinks a potion.
Sigmund flickers and vanishes!
Deactivating autopickup; reactivate with Ctrl-A.
You see here a scroll labeled IVOEFA TAE.
Something hits you!
Found a dented blue amulet.
You closely miss something. You closely miss something.
Something hits you but does no damage.
You miss something. Something hits you.
You hit something. Something hits you!
* * * LOW HITPOINT WARNING * * *
It was a potion of resistance.
You feel protected.
It was a potion of degeneration.
There was something very wrong with that liquid.
You feel weakened.
You feel dopey.
You feel clumsy. Something hits you!
You die...

.# #.#.#.#.#.#.#..## .#
.........(.........# .#
. #.#.#.#.#.#.#.#..>.#
.##
.....................#
..### #
#.#.#.#.#.#.#.#.....#
....#.
#.##...............##.#
....(..
#....#.#.#.#.#.#...##.#
........
......................#
.......#
..(...{@?........#.####
.#######
..(..#.#.....#####.# .#
.." #.####### #.# .# .
#. .. .# .. . .# .. .#
... ...


There were no monsters in sight!

Vanquished Creatures
  A worker ant (D:1)
  2 dart slugs
  A leopard gecko (D:1)
  A giant cockroach (D:1)
  2 goblins (D:1)
  2 hobgoblins
  3 jackals (D:1)
  A quokka (D:2)
  2 ball pythons (D:1)
  2 bats (D:1)
  A frilled lizard (D:1)
  3 kobolds
  5 rats
26 creatures vanquished.

Notes
Turn   | Place    | Note
-------+----------+-------------------------------------------
     0 | D:1      | Melbolja the Hill Orc Hunter began the quest for the Orb.
     0 | D:1      | Reached XP level 1. HP: 18/18 MP: 1/1
   105 | D:1      | Reached XP level 2. HP: 6/25 MP: 2/2
   543 | D:1      | Reached skill level 4 in Throwing
   793 | D:1      | Reached XP level 3. HP: 30/30 MP: 3/3
  1350 | D:2      | Noticed Sigmund
  1357 | D:2      | HP: 1/30 [something (14)]
  1359 | D:2      | Mangled by Sigmund

Skill      XL: |  1  2 |
---------------+-------+-----
Throwing       | 4 |  4.4
Fighting       | |  2.9
Short Blades   | |  0.8
Armour         | |  0.7
Dodging        | |  1.6
Stealth        | |  0.7

Action                   || total
-------------------------++-------
Melee: Short sword       ||    29
       Whip              ||     7
Throw: Javelin           ||    51
       Throwing net      ||     1
  Use: Potion            ||     2
  Eat: Chunk             ||     1
Armor: Leather armour    ||    11
Dodge: Dodged            ||    22
